cohdb
Replays
Latest Replays
All Replays
Popular Replays
Top Player Replays
Match Explorer
How It Works
Community
CoH3 Stats
Reddit
Sign in to upload your games and track your stats! →
Sign in with Steam
Match 38936534
Unlisted
Match 38936534
Overview
Messages
Build Orders
End
Selects Armored Battlegroup
Selects Assault Engineers
Assault Engineer Squad
Construct Weapon Support Center
Assault Engineer Squad
M1919 Machine Gun Team
Assault Engineer Squad
Mechanized Support Center
Selects Fast Deploy
M16 Multiple Gun Motor Carriage
Designate Forward Repair Station
Mortar Pit
Construct Motor Pool
M24 Chaffee Light Tank
Designate Forward Repair Station
Construct Tank Depot
Selects Seek and Destroy
Selects UNKNOWN (2160077)
Selects Field Repairs
Assault Engineer Squad
M4A3E8 Sherman Easy Eight
.30 cal Machine Gun
.30 cal Machine Gun
カンパニーおじさん
Bradare
『BlackBear』
DOLLY
0
0
Comments
sign in to comment!
No comments posted yet!